[Event "Mort2215s: 10 Euro playmoney, 11 players"]
[Site "www.chessgamble.com"]
[Date "2020.11.03"]
[Round "1"]
[White "Jonny"]
[Black "Ralle"]
[Result "0-1"]
[WhiteElo "1719"]
[BlackElo "1697"]
[TimeControl "10/864000"]
[Mode "ICS"]

1. d4 d5 2. c4 e6 3. Nc3 Nf6 4. Bg5 Be7 5. e3 O-O 6. Nf3 Nbd7 7. Be2 dxc4 8. Bxc4 h6 9. Bh4 a6 10. Qc2 c6 11. O-O Qc7 12. Bg3 Qb6 13. e4 Qb4 14. Be2 Qa5 15. h3 b6 16. Bf4 c5 17. d5 b5 18. d6 Bd8 19. a4 b4 20. Nd1 Bb7 21. e5 Be4 22. Qc4 Bd5 23. Qd3 c4 24. Qc2 b3 25. Qc1 Nh7 26. Ne3 Bxf3 27. Bxf3 Rc8 28. Nxc4 Qb4 29. Bxh6 Rxc4 30. Qe3 Rc2 31. Bf4 Bb6 32. Qe4 Qxe4 33. Bxe4 Rxb2 34. Rab1 Rxb1 35. Rxb1 Nc5 36. Be3 Rb8 37. Bc6 Ba7 38. d7 g6 39. Rd1 Rd8 40. a5 Nf8 41. f4 Nfxd7 42. Kf2 b2 43. h4 Rb8 44. Rb1 Rb3 45. g4 Nd3+ 46. 0-1

[Event "Mort2215s: 10 Euro playmoney, 11 players"]
[Site "www.chessgamble.com"]
[Date "2020.11.03"]
[Round "1"]
[White "Ralle"]
[Black "Jonny"]
[Result "0-1"]
[WhiteElo "1697"]
[BlackElo "1719"]
[TimeControl "10/864000"]
[Mode "ICS"]

1. e4 c5 2. c3 d5 3. d3 e5 4. Nd2 Nf6 5. Ngf3 Nc6 6. g3 Bg4 7. exd5 Qxd5 8. h3 Bh5 9. g4 Bg6 10. Nc4 h5 11. Ne3 Qd7 12. g5 Nd5 13. Qb3 Nf4 14. Nc4 Nxd3+ 15. Bxd3 Qxd3 16. Qxb7 Qe4+ 17. Be3 Rb8 18. Qc7 Qxf3 19. O-O Rd8 20. Rac1 Rd3 21. Nxe5 Nxe5 22. Qxe5+ Kd7 23. Qb8 c4 24. Rfe1 Be4 25. Bf4 Qg2#

[Event "Mort2215s: 10 Euro playmoney, 11 players"]
[Site "www.chessgamble.com"]
[Date "2020.11.03"]
[Round "1"]
[White "Ralle"]
[Black "donar"]
[Result "0-1"]
[WhiteElo "1697"]
[BlackElo "2205"]
[TimeControl "10/864000"]
[Mode "ICS"]

1. d4 Nf6 2. c4 g6 3. Nc3 Bg7 4. e4 d6 5. Nge2 Nc6 6. h4 O-O 7. Bg5 a6 8. a3 h6 9. Bd2 e5 10. Be3 exd4 11. Bxd4 Nxd4 12. Qxd4 Ng4 13. Qd5 Be6 14. Qxb7 Rb8 15. Qxa6 Rxb2 16. Qc6 Bxc3+ 17. Nxc3 Qf6 18. Nd5 Qxf2+ 19. Kd1 Qd2#

[Event "Mort2215s: 10 Euro playmoney, 11 players"]
[Site "www.chessgamble.com"]
[Date "2020.11.03"]
[Round "1"]
[White "donar"]
[Black "Ralle"]
[Result "1-0"]
[WhiteElo "2205"]
[BlackElo "1697"]
[TimeControl "10/864000"]
[Mode "ICS"]

1. e4 e6 2. d4 d5 3. e5 Ne7 4. a3 Nf5 5. g4 Nh4 6. Nh3 f5 7. Bg5 Be7 8. Bxe7 Qxe7 9. Nd2 c5 10. c3 h6 11. gxf5 Nxf5 12. Nb3 cxd4 13. Nxd4 Nxd4 14. cxd4 Nc6 15. Rg1 Rf8 16. Bd3 g5 17. Qh5+ Qf7 18. Bg6 1-0

[Event "Mort2215s: 10 Euro playmoney, 11 players"]
[Site "www.chessgamble.com"]
[Date "2020.11.03"]
[Round "1"]
[White "Bauernopfer"]
[Black "Ralle"]
[Result "1-0"]
[WhiteElo "2146"]
[BlackElo "1697"]
[TimeControl "10/864000"]
[Mode "ICS"]

1. d4 d5 2. c4 e6 3. Nc3 Nf6 4. Bg5 h6 5. Bxf6 gxf6 6. cxd5 exd5 7. e3 c6 8. Nge2 Bf5 9. Ng3 Bg6 10. Bd3 Nd7 11. Bxg6 fxg6 12. O-O f5 13. Qb3 Nb6 14. Qc2 Rh7 15. a3 Qh4 16. b4 Nc4 17. Na4 O-O-O 18. Nb2 Nxb2 19. Qxb2 h5 20. b5 Rd6 21. Rac1 f4 22. bxc6 Rxc6 23. Rxc6+ bxc6 24. Rb1 fxg3 25. fxg3 Qe4 26. Qb8+ Kd7 27. Rb7+ Ke6 28. Qc8+ Kf6 29. Qxf8+ 1-0

[Event "Mort2215s: 10 Euro playmoney, 11 players"]
[Site "www.chessgamble.com"]
[Date "2020.11.03"]
[Round "1"]
[White "Ralle"]
[Black "Bauernopfer"]
[Result "0-1"]
[WhiteElo "1697"]
[BlackElo "2146"]
[TimeControl "10/864000"]
[Mode "ICS"]

1. d4 d5 2. c4 e6 3. Nc3 Nf6 4. Bg5 h6 5. Bxf6 Qxf6 6. cxd5 c6 7. dxe6 Bxe6 8. e4 Nd7 9. e5 Qd8 10. h4 Be7 11. g3 Qb6 12. Rb1 O-O 13. Qd3 c5 14. dxc5 Bxc5 15. Qe2 Nxe5 16. Bg2 Bxf2+ 17. Qxf2 Nd3+ 18. 0-1

[Event "Mort2215s: 10 Euro playmoney, 11 players"]
[Site "www.chessgamble.com"]
[Date "2020.11.03"]
[Round "1"]
[White "Ralle"]
[Black "Frankfurter"]
[Result "1-0"]
[WhiteElo "1697"]
[BlackElo "1738"]
[TimeControl "10/864000"]
[Mode "ICS"]

1. e4 e6 2. d4 d5 3. Nd2 Nf6 4. e5 Ne4 5. Nxe4 dxe4 6. Nh3 Nc6 7. Bb5 Bb4+ 8. c3 Bf8 9. Bg5 f6 10. exf6 gxf6 11. Qh5+ Ke7 12. Bf4 a6 13. Bc4 Bg7 14. Bb3 Bd7 15. O-O Qe8 16. Qg4 Qg6 17. Qe2 e5 18. Bg3 Bxh3 19. gxh3 exd4 20. Qc4 Rhd8 21. Qe6+ Kf8 22. Qg8+ Ke7 23. Qc4 f5 24. Qc5+ Ke8 25. Kh1 b6 26. Qc4 dxc3 27. Ba4 b5 28. Qg8+ Kd7 29. Rd1+ Kc8 30. Rxd8+ Nxd8 31. Rd1 Bf6 32. Qd5 Kb8 33. Qd7 Ra7 34. Be5 Bxe5 35. Qxd8+ Kb7 36. Qd5+ c6 37. Qxe5 bxa4 38. bxc3 Qh5 39. Rb1+ Kc8 40. Rb6 Qd1+ 41. Kg2 Qf3+ 42. Kg1 Qd1+ 43. Kg2 Qf3+ 44. Kg1 Kd7 45. Qg7+ Kd6 46. Qxa7 Qd1+ 47. Kg2 Qf3+ 48. Kf1 Qd1+ 49. Kg2 Qf3+ 50. Kg1 e3 51. Qb8+ 1-0

[Event "Mort2215s: 10 Euro playmoney, 11 players"]
[Site "www.chessgamble.com"]
[Date "2020.11.03"]
[Round "1"]
[White "Frankfurter"]
[Black "Ralle"]
[Result "1-0"]
[WhiteElo "1738"]
[BlackElo "1697"]
[TimeControl "10/864000"]
[Mode "ICS"]

1. d4 d5 2. c4 e6 3. Nc3 Nf6 4. Bg5 h6 5. Bxf6 gxf6 6. e4 dxe4 7. Nxe4 Bb4+ 8. Nc3 Rg8 9. Nge2 c6 10. a3 Bd6 11. c5 Bc7 12. Qd2 h5 13. Qh6 e5 14. O-O-O Qe7 15. Ne4 Nd7 16. Qxh5 Ba5 17. Nd6+ Kd8 18. dxe5 fxe5 19. b4 Kc7 20. bxa5 1-0

[Event "Mort2215s: 10 Euro playmoney, 11 players"]
[Site "www.chessgamble.com"]
[Date "2020.11.03"]
[Round "1"]
[White "BuchnerF"]
[Black "Ralle"]
[Result "1-0"]
[WhiteElo "2121"]
[BlackElo "1697"]
[TimeControl "10/864000"]
[Mode "ICS"]

1. e4 Nf6 2. e5 Nd5 3. d4 d6 4. c4 Nb6 5. exd6 Qxd6 6. c5 Qe6+ 7. Qe2 Nc4 8. Qxe6 Bxe6 9. b3 Na5 10. Bf4 Nbc6 11. Bxc7 g5 12. Nf3 g4 13. Ng5 Bd5 14. Nc3 Rg8 15. Nxh7 Be6 16. Nxf8 1-0

[Event "Mort2215s: 10 Euro playmoney, 11 players"]
[Site "www.chessgamble.com"]
[Date "2020.11.03"]
[Round "1"]
[White "Ralle"]
[Black "BuchnerF"]
[Result "0-1"]
[WhiteElo "1697"]
[BlackElo "2121"]
[TimeControl "10/864000"]
[Mode "ICS"]

1. e4 c6 2. d4 d5 3. exd5 cxd5 4. c4 Nf6 5. Nc3 Nc6 6. Nf3 Bf5 7. h4 dxc4 8. Bxc4 e6 9. O-O a6 10. Bf4 b5 11. d5 Na5 12. Bd3 Bxd3 13. Qxd3 Nxd5 14. Nxd5 Qxd5 15. Qc3 Qc4 16. Qd2 Bb4 17. Qe3 O-O 18. Rfd1 Rfd8 19. Rdc1 Bc5 20. Rxc4 Bxe3 21. Re4 Bxf4 22. Rxf4 Rac8 23. Ng5 Rc7 24. b3 h5 25. g3 Rd2 26. Kg2 Nb7 27. b4 Nd6 28. Nf3 Rd3 29. Ne5 Rd2 30. Nf3 Rd5 31. Rf1 Rc2 32. Ra1 e5 33. Ne1 Rb2 34. Rf3 Rxb4 35. Ra3 Rb2 36. Nd3 b4 37. Nxb2 bxa3 38. Na4 Ne4 39. Re1 f5 40. Re3 Rd2 41. Rf3 Rxa2 42. Rxf5 Rxf2+ 43. Rxf2 Nxf2 44. Kxf2 a2 45. 0-1

[Event "Mort2215s: 10 Euro playmoney, 11 players"]
[Site "www.chessgamble.com"]
[Date "2020.11.03"]
[Round "1"]
[White "Ralle"]
[Black "FrankP"]
[Result "1-0"]
[WhiteElo "1697"]
[BlackElo "1525"]
[TimeControl "10/864000"]
[Mode "ICS"]

1. e4 e5 2. Nf3 Nf6 3. Nc3 Ng4 4. d4 exd4 5. Nd5 Nc6 6. Nxd4 Qh4 7. Nxc7+ Ke7 8. g3 Qf6 9. Nf3 Qg6 10. Bg5+ f6 11. Qd5 Rb8 12. Bh3 d6 13. Bc1 Qf7 14. Nb5 h5 15. c3 f5 16. Bxg4 fxg4 17. Qxd6+ Ke8 18. Nfd4 Qf6 19. Nc7+ Kf7 20. Qd5+ Kg6 21. Ne8 Nxd4 22. Nxf6 1-0

[Event "Mort2215s: 10 Euro playmoney, 11 players"]
[Site "www.chessgamble.com"]
[Date "2020.11.03"]
[Round "1"]
[White "FrankP"]
[Black "Ralle"]
[Result "0-1"]
[WhiteElo "1525"]
[BlackElo "1697"]
[TimeControl "10/864000"]
[Mode "ICS"]

1. e4 e5 2. Nf3 Nc6 3. Bb5 a6 4. Bxc6 dxc6 5. d4 exd4 6. Qxd4 Qxd4 7. Nxd4 Bc5 8. c3 Ne7 9. Nd2 Bg4 10. O-O O-O-O 11. h3 Bxd4 12. cxd4 Be2 13. Re1 Bd3 14. Nf3 h6 15. b3 f5 16. e5 Bc2 17. e6 Be4 18. Bd2 Bxf3 19. gxf3 c5 20. d5 Rxd5 21. Bc3 Rg8 22. a3 Rd3 23. Re3 Rxe3 24. fxe3 g6 25. Rd1 Rd8 26. Rxd8+ Kxd8 27. a4 Nd5 28. Bg7 Ke7 29. e4 fxe4 30. fxe4 Nb4 31. Kf2 Kxe6 32. Bxh6 Ke5 33. Ke3 Nc2+ 34. Kd3 Ne1+ 35. Ke3 Ke6 36. Bf4 c6 37. Bg3 Nc2+ 38. Kf4 Nd4 39. Kg5 Kf7 40. Kg4 Nxb3 41. Be5 b5 42. axb5 cxb5 43. Kf4 a5 44. Bc3 Ke6 45. Bb2 a4 46. h4 Nd4 47. 0-1

[Event "Mort2215s: 10 Euro playmoney, 11 players"]
[Site "www.chessgamble.com"]
[Date "2020.11.03"]
[Round "1"]
[White "Nexus"]
[Black "Ralle"]
[Result "1-0"]
[WhiteElo "1911"]
[BlackElo "1697"]
[TimeControl "10/864000"]
[Mode "ICS"]

1. e4 Nf6 2. e5 Nd5 3. d4 d6 4. c4 Nb6 5. exd6 Qxd6 6. Nf3 Nc6 7. d5 Ne5 8. Nbd2 Bf5 9. Nxe5 Qxe5+ 10. Qe2 Qf4 11. Nb3 Nxd5 12. Bxf4 1-0

[Event "Mort2215s: 10 Euro playmoney, 11 players"]
[Site "www.chessgamble.com"]
[Date "2020.11.03"]
[Round "1"]
[White "Ralle"]
[Black "Nexus"]
[Result "0-1"]
[WhiteElo "1697"]
[BlackElo "1911"]
[TimeControl "10/864000"]
[Mode "ICS"]

1. d4 d5 2. c4 dxc4 3. Nf3 Nf6 4. Nc3 a6 5. e4 b5 6. e5 Nd5 7. a4 Nxc3 8. bxc3 Qd5 9. g3 Bb7 10. Bg2 Qd7 11. e6 Qxe6+ 12. Qe2 Qxe2+ 13. Kxe2 e6 14. Bf4 Bd6 15. Bxd6 cxd6 16. axb5 axb5 17. Rxa8 Bxa8 18. Rb1 Bc6 19. h4 Ke7 20. Ra1 Be4 21. Ra7+ Nd7 22. Ke3 f5 23. Kf4 h6 24. h5 Ra8 25. Rxa8 Bxa8 26. Nh4 d5 27. Ng6+ Kf6 28. Ne5 Nxe5 29. dxe5+ Ke7 30. g4 b4 31. cxb4 fxg4 32. Kxg4 d4 33. f4 Bxg2 34. 0-1

[Event "Mort2215s: 10 Euro playmoney, 11 players"]
[Site "www.chessgamble.com"]
[Date "2020.11.03"]
[Round "1"]
[White "Ralle"]
[Black "Lev"]
[Result "0-1"]
[WhiteElo "1697"]
[BlackElo "1986"]
[TimeControl "10/864000"]
[Mode "ICS"]

1. d4 d5 2. c4 dxc4 3. Nf3 Nf6 4. Nc3 a6 5. e4 b5 6. e5 Nd5 7. a4 Nxc3 8. bxc3 Qd5 9. g3 Bb7 10. Bg2 Qd7 11. e6 Qxe6+ 12. Qe2 Qxe2+ 13. Kxe2 e6 14. Bf4 c5 15. axb5 cxd4 16. bxa6 d3+ 17. Kd2 Nxa6 18. Rhb1 Bc6 19. h4 Bc5 20. Ng5 Bxg2 21. 0-1

[Event "Mort2215s: 10 Euro playmoney, 11 players"]
[Site "www.chessgamble.com"]
[Date "2020.11.03"]
[Round "1"]
[White "baller"]
[Black "Ralle"]
[Result "1-0"]
[WhiteElo "1944"]
[BlackElo "1697"]
[TimeControl "10/864000"]
[Mode "ICS"]

1. d4 d5 2. c4 e6 3. Nc3 Nf6 4. Bg5 Nbd7 5. e3 c6 6. Nf3 Qa5 7. Bd3 dxc4 8. Bxc4 a6 9. O-O Qf5 10. Bd3 Qg4 11. h3 Qh5 12. Ne4 h6 13. Ng3 hxg5 14. Nxh5 Rxh5 15. Qc2 g4 16. hxg4 Nxg4 17. a3 Bd6 18. g3 Nb6 19. Bg6 Rh8 20. Bh7 Bd7 21. Qb3 Rxh7 22. Qxb6 Rb8 23. Qa5 g6 24. Qg5 Nh6 25. e4 Be7 26. Qf4 Rc8 27. Ng5 Rh8 28. Kg2 c5 29. d5 exd5 30. exd5 Nf5 31. Rae1 Bb5 32. Rg1 Rh5 33. d6 Nxd6 34. Qxd6 1-0

[Event "Mort2215s: 10 Euro playmoney, 11 players"]
[Site "www.chessgamble.com"]
[Date "2020.11.03"]
[Round "1"]
[White "Ralle"]
[Black "baller"]
[Result "0-1"]
[WhiteElo "1697"]
[BlackElo "1944"]
[TimeControl "10/864000"]
[Mode "ICS"]

1. c4 Nf6 2. d3 d5 3. Nf3 dxc4 4. dxc4 Qxd1+ 5. Kxd1 Be6 6. Nbd2 Nc6 7. Ke1 Rd8 8. h4 Bf5 9. a3 e6 10. b4 Be7 11. b5 Nd4 12. Nxd4 Rxd4 13. g3 O-O 14. Bg2 b6 15. Bb2 Rd7 16. f4 Bc5 17. Rd1 Rfd8 18. Rf1 Bc2 19. Bxf6 gxf6 20. Bc6 Rd6 21. 0-1

[Event "Mort2215s: 10 Euro playmoney, 11 players"]
[Site "www.chessgamble.com"]
[Date "2020.11.03"]
[Round "1"]
[White "Jonny"]
[Black "donar"]
[Result "0-1"]
[WhiteElo "1719"]
[BlackElo "2205"]
[TimeControl "10/864000"]
[Mode "ICS"]

1. d4 d5 2. c4 dxc4 3. Nf3 Nf6 4. Nc3 a6 5. e4 b5 6. e5 Nd5 7. a4 Nxc3 8. bxc3 Qd5 9. g3 Bb7 10. Bg2 Qd7 11. e6 Qxe6+ 12. Be3 h5 13. O-O Qg4 14. h3 Qc8 15. axb5 axb5 16. Re1 e6 17. Qc2 Be7 18. Qb2 Rxa1 19. Rxa1 Bc6 20. Ra7 O-O 21. Bf4 Bd6 22. Bxd6 cxd6 23. Qb4 Bxf3 24. Bxf3 Nc6 25. Bxc6 Qxc6 26. g4 hxg4 27. hxg4 Qf3 28. g5 d5 29. Rb7 Ra8 30. Qb2 Qg4+ 31. Kf1 Qxg5 32. Ke2 Qh5+ 33. Ke1 Ra1+ 34. Kd2 Rd1+ 35. Ke3 Rd3+ 36. Kf4 Qf5#

[Event "Mort2215s: 10 Euro playmoney, 11 players"]
[Site "www.chessgamble.com"]
[Date "2020.11.03"]
[Round "1"]
[White "donar"]
[Black "Jonny"]
[Result "1-0"]
[WhiteElo "2205"]
[BlackElo "1719"]
[TimeControl "10/864000"]
[Mode "ICS"]

1. e4 c6 2. d4 d5 3. Nc3 dxe4 4. Nxe4 Nf6 5. Nxf6+ gxf6 6. Nf3 Bg4 7. Be2 Na6 8. O-O Rg8 9. Bxa6 bxa6 10. c4 e5 11. Qd3 Rg6 12. Bd2 Rb8 13. Bc3 Rb7 14. Qe4 Qc7 15. Nh4 Rg5 16. Rfe1 Bg7 17. Qxh7 Qd7 18. f4 Qe6 19. fxg5 1-0

[Event "Mort2215s: 10 Euro playmoney, 11 players"]
[Site "www.chessgamble.com"]
[Date "2020.11.03"]
[Round "1"]
[White "Bauernopfer"]
[Black "Jonny"]
[Result "1-0"]
[WhiteElo "2146"]
[BlackElo "1719"]
[TimeControl "10/864000"]
[Mode "ICS"]

1. d4 d5 2. c4 dxc4 3. Nf3 Nf6 4. Nc3 a6 5. e4 b5 6. e5 Nd5 7. a4 Nxc3 8. bxc3 Qd5 9. g3 Bb7 10. Bg2 Qd7 11. e6 Qxe6+ 12. Be3 Nd7 13. Ng5 Qg6 14. Bxb7 Rb8 15. Qf3 h6 16. Be4 Qf6 17. Qxf6 Nxf6 18. Bc6+ 1-0

[Event "Mort2215s: 10 Euro playmoney, 11 players"]
[Site "www.chessgamble.com"]
[Date "2020.11.03"]
[Round "1"]
[White "Jonny"]
[Black "Bauernopfer"]
[Result "0-1"]
[WhiteElo "1719"]
[BlackElo "2146"]
[TimeControl "10/864000"]
[Mode "ICS"]

1. d4 d5 2. c4 e6 3. Nc3 Nf6 4. Nf3 Bb4 5. Qd3 Nc6 6. Bg5 O-O 7. e3 dxc4 8. Qxc4 h6 9. Bh4 g5 10. Bg3 Bd7 11. Rd1 Ne4 12. Ne5 Qe7 13. Ng4 h5 14. Ne5 g4 15. Nxd7 Qxd7 16. Bf4 b5 17. Qxb5 e5 18. dxe5 Nxc3 19. bxc3 Bxc3+ 20. Ke2 Qe6 21. Qd5 Bxe5 22. Qxe6 fxe6 23. Bh6 Rf6 24. Bg5 Rf5 25. h4 Raf8 26. f3 gxf3+ 27. gxf3 Rxf3 28. Rg1 Rf2+ 29. Kd3 Bh2 30. Rg2 Ne5+ 31. Kd4 Nf3+ 32. Kc4 Rxg2 33. Bxg2 Bd6 34. Bh3 Kf7 35. Rf1 Kg6 36. e4 Nxg5 37. hxg5 e5 38. Rxf8 Bxf8 39. Kd5 Bd6 40. a4 Kxg5 41. Bf5 a5 42. Bd7 h4 43. Bh3 Kf4 44. Be6 Kg3 45. Bd7 h3 46. 0-1

[Event "Mort2215s: 10 Euro playmoney, 11 players"]
[Site "www.chessgamble.com"]
[Date "2020.11.03"]
[Round "1"]
[White "Jonny"]
[Black "Frankfurter"]
[Result "1-0"]
[WhiteElo "1719"]
[BlackElo "1738"]
[TimeControl "10/864000"]
[Mode "ICS"]

1. e4 e6 2. d4 d5 3. Nc3 Bb4 4. Bb5+ Bd7 5. Qe2 Bxb5 6. Qxb5+ Nc6 7. Bf4 g5 8. exd5 exd5 9. Be5 f6 10. Qxb7 Nxe5 11. Qxb4 Rb8 12. Qa4+ Nd7 13. Nxd5 Kf7 14. O-O-O Ne7 15. Nxe7 Qxe7 16. Qc4+ Kg7 17. Qxc7 Rhc8 18. Qxa7 Rb5 19. Qa6 Rcb8 20. Qa3 Qe6 21. h4 g4 22. Kb1 Qe4 23. Rh2 Rc8 24. Qd3 Qb7 25. b3 Ra5 26. c4 Rca8 27. Qc2 Ra3 28. Ne2 Qc7 29. g3 Qb7 30. Qd2 Qe4+ 31. Qc2 Qc6 32. d5 Qd6 33. Nc3 Ne5 34. Nb5 Qb4 35. f4 gxf3 36. Nxa3 Qxa3 37. c5 Ra7 38. c6 Qd6 39. Qe4 Kh8 40. Rc2 Re7 41. h5 Rg7 42. h6 Rc7 43. b4 Re7 44. b5 1-0

[Event "Mort2215s: 10 Euro playmoney, 11 players"]
[Site "www.chessgamble.com"]
[Date "2020.11.03"]
[Round "1"]
[White "Frankfurter"]
[Black "Jonny"]
[Result "0-1"]
[WhiteElo "1738"]
[BlackElo "1719"]
[TimeControl "10/864000"]
[Mode "ICS"]

1. d4 d5 2. c4 e6 3. Nc3 Nf6 4. Bg5 Be7 5. e3 O-O 6. Nf3 h6 7. Bh4 b6 8. Ne5 a5 9. Bd3 dxc4 10. Qf3 c6 11. Nxc6 Nxc6 12. Bxf6 cxd3 13. Bxe7 d2+ 14. Ke2 Ba6+ 15. Kxd2 Qxe7 16. Qxc6 Qb4 17. Rhb1 Rac8 18. Qf3 f5 19. Ke1 Qc4 20. Qe2 Qxe2+ 21. Nxe2 Rc2 22. Nf4 Kf7 23. d5 exd5 24. Rc1 Rxb2 25. Rc7+ Kf6 26. Nxd5+ Ke5 27. Rd7 Re2+ 28. Kd1 Rxf2 29. Rb1 Rxg2 30. Rxb6 Bc4 31. Nc3 Rf6 32. Re7+ Re6 33. Rxe6+ Bxe6 34. h3 Rg3 35. Kd2 g5 36. Ne2 Rxh3 37. Nd4 Rh2+ 38. Kd3 h5 39. Rxe6+ Kd5 40. Rg6 Rg2 41. a3 h4 42. Kc3 g4 43. Nxf5 h3 44. Rh6 Ke4 45. Nd6+ Kxe3 46. Nc4+ Kf3 47. Nxa5 Rf2 48. Rf6+ Kg2 49. Rxf2+ Kxf2 50. 0-1

[Event "Mort2215s: 10 Euro playmoney, 11 players"]
[Site "www.chessgamble.com"]
[Date "2020.11.03"]
[Round "1"]
[White "BuchnerF"]
[Black "Jonny"]
[Result "1-0"]
[WhiteElo "2121"]
[BlackElo "1719"]
[TimeControl "10/864000"]
[Mode "ICS"]

1. d4 d5 2. c4 e6 3. Nc3 Nf6 4. Nf3 dxc4 5. e4 Bb4 6. Bg5 c5 7. Bxc4 O-O 8. e5 cxd4 9. Qxd4 Bxc3+ 10. Qxc3 Nd5 11. Bxd8 Nxc3 12. Be7 Re8 13. Bd6 Ne4 14. Rd1 Nd7 15. Ke2 b6 16. Bb5 Rd8 17. Bc7 a6 18. Bc6 1-0

[Event "Mort2215s: 10 Euro playmoney, 11 players"]
[Site "www.chessgamble.com"]
[Date "2020.11.03"]
[Round "1"]
[White "Jonny"]
[Black "BuchnerF"]
[Result "0-1"]
[WhiteElo "1719"]
[BlackElo "2121"]
[TimeControl "10/864000"]
[Mode "ICS"]

1. e4 c5 2. Nf3 Nc6 3. d4 cxd4 4. Nxd4 Nf6 5. Nc3 e5 6. Nf5 d5 7. Ng3 d4 8. Nb5 a6 9. Na3 Bxa3 10. bxa3 O-O 11. f3 b5 12. Kf2 Be6 13. Be2 Qd6 14. Qd3 Bc4 15. Nf5 Qc5 16. Qd2 d3+ 17. Qe3 Qxe3+ 18. Nxe3 dxe2 19. Nxc4 bxc4 20. Kxe2 Nd4+ 21. Kd2 Rab8 22. Kc3 Nb5+ 23. Kxc4 Rc8+ 24. Kd3 Rc3+ 25. Ke2 Rxc2+ 26. Kf1 Nc3 27. 0-1

[Event "Mort2215s: 10 Euro playmoney, 11 players"]
[Site "www.chessgamble.com"]
[Date "2020.11.03"]
[Round "1"]
[White "Jonny"]
[Black "FrankP"]
[Result "1-0"]
[WhiteElo "1719"]
[BlackElo "1525"]
[TimeControl "10/864000"]
[Mode "ICS"]

1. d4 d5 2. c4 e6 3. Nc3 Nf6 4. Bg5 h6 5. Bxf6 gxf6 6. e4 dxc4 7. Nf3 c5 8. Bxc4 Nc6 9. Bb5 cxd4 10. Nxd4 Qb6 11. Nxc6 bxc6 12. Bc4 Qxb2 13. Rc1 a6 14. Rc2 Qb6 15. Rd2 Bb4 16. Qf3 Rg8 17. O-O Be7 18. Qh5 Bf8 19. Rfd1 Bb4 20. Na4 Qa5 21. Rd8+ Qxd8 22. Rxd8+ Kxd8 23. Qxf7 Rf8 24. Qg7 h5 25. Nb6 Rb8 26. Nxc8 f5 27. Na7 1-0

[Event "Mort2215s: 10 Euro playmoney, 11 players"]
[Site "www.chessgamble.com"]
[Date "2020.11.03"]
[Round "1"]
[White "FrankP"]
[Black "Jonny"]
[Result "0-1"]
[WhiteElo "1525"]
[BlackElo "1719"]
[TimeControl "10/864000"]
[Mode "ICS"]

1. e4 e5 2. Nf3 Nc6 3. Bb5 Nf6 4. Nc3 a6 5. Bxc6 dxc6 6. d4 exd4 7. Nxd4 Bg4 8. f3 Bc5 9. Be3 Bd7 10. Bf4 Bc8 11. Be5 Kf8 12. g4 Rg8 13. b3 Bb4 14. Qd2 Nd7 15. Bg3 c5 16. O-O cxd4 17. Qxd4 Bc5 18. 0-1

[Event "Mort2215s: 10 Euro playmoney, 11 players"]
[Site "www.chessgamble.com"]
[Date "2020.11.03"]
[Round "1"]
[White "Nexus"]
[Black "Jonny"]
[Result "1-0"]
[WhiteElo "1911"]
[BlackElo "1719"]
[TimeControl "10/864000"]
[Mode "ICS"]

1. d4 e6 2. e4 d5 3. Nc3 Nf6 4. Bg5 dxe4 5. Bxf6 Qxf6 6. Nxe4 Qf4 7. Nc5 Nd7 8. Ne2 Qg4 9. h3 Qf5 10. Ng3 Qf4 11. Bb5 c6 12. Ne2 Qg5 13. Nxd7 Bxd7 14. Bd3 Qxg2 15. Rg1 Qf3 16. Rg3 Qh1+ 17. Ng1 a6 18. Qf3 Qxf3 19. Nxf3 Ke7 20. O-O-O g6 21. Rg4 Bh6+ 22. Kb1 a5 23. Ne5 f6 24. Nxd7 Kxd7 25. c4 Rhd8 26. Rh4 Bg7 27. Rxh7 Rg8 28. Bxg6 f5 29. Bf7 Kd6 30. Rg1 Bxd4 31. Bxg8 Bxf2 32. Rg6 1-0

[Event "Mort2215s: 10 Euro playmoney, 11 players"]
[Site "www.chessgamble.com"]
[Date "2020.11.03"]
[Round "1"]
[White "Jonny"]
[Black "Nexus"]
[Result "0-1"]
[WhiteElo "1719"]
[BlackElo "1911"]
[TimeControl "10/864000"]
[Mode "ICS"]

1. e4 e5 2. Nf3 Nc6 3. Bb5 Nf6 4. d3 Bc5 5. Nc3 Ng4 6. Bg5 Bxf2+ 7. Kd2 f6 8. h3 fxg5 9. hxg4 d6 10. Bxc6+ bxc6 11. Qe2 Bc5 12. Rae1 Rb8 13. b3 O-O 14. Na4 Bb4+ 15. c3 Ba3 16. Qf2 Bxg4 17. Ref1 Rb7 18. b4 Rf7 19. Qe3 h6 20. g3 Be6 21. Ra1 g4 22. Ne1 c5 23. bxc5 Qd7 24. c6 Qxc6 25. Rxh6 gxh6 26. 0-1

[Event "Mort2215s: 10 Euro playmoney, 11 players"]
[Site "www.chessgamble.com"]
[Date "2020.11.03"]
[Round "1"]
[White "Jonny"]
[Black "Lev"]
[Result "0-1"]
[WhiteElo "1719"]
[BlackElo "1986"]
[TimeControl "10/864000"]
[Mode "ICS"]

1. e4 c6 2. d4 d5 3. exd5 cxd5 4. c4 Nf6 5. Nc3 e6 6. Nf3 Nc6 7. Bf4 dxc4 8. Bxc4 Nh5 9. Bg5 f6 10. Be3 Kf7 11. O-O Bb4 12. Ng5+ fxg5 13. Qxh5+ Kg8 14. Qg4 h6 15. Bxe6+ Bxe6 16. Qxe6+ Kh7 17. d5 Qe7 18. Ne4 Rhe8 19. Qf5+ g6 20. Qf6 Qxe4 21. Qf7+ Kh8 22. dxc6 Re7 23. Qf6+ Kh7 24. cxb7 Rxb7 25. Rac1 Rd7 26. b3 Rf8 27. Qc6 Qd3 28. Qe6 Re7 29. Rcd1 Qxf1+ 30. Kxf1 Rxe6 31. Bxa7 Ra8 32. Rd7+ Re7 33. Rxe7+ Bxe7 34. Bd4 Rxa2 35. h3 Ra3 36. 0-1

[Event "Mort2215s: 10 Euro playmoney, 11 players"]
[Site "www.chessgamble.com"]
[Date "2020.11.03"]
[Round "1"]
[White "Lev"]
[Black "Jonny"]
[Result "1-0"]
[WhiteElo "1986"]
[BlackElo "1719"]
[TimeControl "10/864000"]
[Mode "ICS"]

1. e4 Nf6 2. e5 Nd5 3. d4 d6 4. c4 Nb6 5. exd6 Qxd6 6. Nc3 Nc6 7. d5 Ne5 8. Nb5 Qc5 9. Be3 Qb4+ 10. Bd2 Qc5 11. b4 1-0

[Event "Mort2215s: 10 Euro playmoney, 11 players"]
[Site "www.chessgamble.com"]
[Date "2020.11.03"]
[Round "1"]
[White "baller"]
[Black "Jonny"]
[Result "1/2-1/2"]
[WhiteElo "1944"]
[BlackElo "1719"]
[TimeControl "10/864000"]
[Mode "ICS"]

1. e4 e5 2. Nf3 d6 3. d4 Nf6 4. Nc3 exd4 5. Nxd4 Bg4 6. f3 Bd7 7. Kf2 Nc6 8. Bg5 Be7 9. Nxc6 Bxc6 10. Bc4 Ng4+ 11. fxg4 Bxg5 12. Qf3 O-O 13. Rhd1 Qe7 14. Kg1 a5 15. Nd5 Qe5 16. Qf5 b5 17. Qxe5 dxe5 18. Be2 Rad8 19. a3 Bxd5 20. Rxd5 Rxd5 21. exd5 Be3+ 22. Kf1 Rd8 23. Rd1 Rd6 24. Bxb5 Bd4 25. b4 axb4 26. axb4 Rxd5 27. Bc6 Rd6 28. Be4 Rb6 29. Rb1 Rh6 30. h3 Ra6 31. Ke2 Ra3 32. Re1 Bc3 33. Rd1 Bxb4 34. Rd8+ Bf8 35. Re8 Ra5 36. Bxh7+ Kxh7 37. Rxf8 Kg6 38. Re8 Rc5 39. Kd3 Rd5+ 40. Ke4 Rd2 41. c4 f6 42. 1/2-1/2

[Event "Mort2215s: 10 Euro playmoney, 11 players"]
[Site "www.chessgamble.com"]
[Date "2020.11.03"]
[Round "1"]
[White "donar"]
[Black "Bauernopfer"]
[Result "1-0"]
[WhiteElo "2205"]
[BlackElo "2146"]
[TimeControl "10/864000"]
[Mode "ICS"]

1. d4 d5 2. c4 e6 3. Nc3 Nf6 4. Nf3 Bb4 5. e3 O-O 6. Bd2 Nbd7 7. c5 a5 8. Be2 Ne4 9. O-O Bxc3 10. bxc3 b6 11. cxb6 Nxb6 12. Qc2 Ba6 13. Bxa6 Rxa6 14. Rab1 Nc4 15. Qd3 c5 16. Rb5 Qc7 17. Rfb1 Ra7 18. Rd1 Rb8 19. Rxb8+ Qxb8 20. Rb1 Rb7 21. Rxb7 Qxb7 22. Bc1 h5 23. Qc2 Qc7 24. Nd2 Ncxd2 25. Bxd2 Nd6 26. Qd3 h4 27. f3 c4 28. Qc2 Qb8 29. e4 dxe4 30. fxe4 Qa8 31. e5 Qe4 32. Qb2 Nf5 33. Kf2 a4 34. Kg1 Ne3 35. Bxe3 Qxe3+ 36. Kf1 h3 37. Qb8+ Kh7 38. Qb1+ g6 39. Qc2 hxg2+ 40. Kxg2 Kg7 41. a3 Qd3 42. Qxd3 cxd3 43. Kf3 d2 44. Ke2 f5 45. exf6+ Kxf6 46. Kxd2 e5 47. Kd3 exd4 48. Kxd4 Ke6 49. c4 g5 50. c5 g4 51. Kc4 Ke7 52. Kb5 Kd7 53. Kb6 1-0